 Dungeon Crawl Stone Soup version 0.21.1-1-g345015f (webtiles) character file.

442 Mirai the Chopper (level 6, -2/56 HPs)
             Began as a Minotaur Fighter on Mar 21, 2018.
             Shot with an arrow by a centaur (8 damage)
             ... on level 4 of the Dungeon.
             The game lasted 00:12:25 (4185 turns).

Mirai the Chopper (Minotaur Fighter)                Turns: 4185, Time: 00:12:25

Health: -2/56      AC:  7    Str: 23    XL:     6   Next: 71%
Magic:  5/5        EV:  8    Int:  5    God:
Gold:   146        SH: 10    Dex:  9    Spells: 5/5 levels left

rFire    . . .     SeeInvis .   a - +0 war axe
rCold    . . .     Gourm    .   c - +0 shield
rNeg     . . .     Faith    .   b - +0 scale mail
rPois    .         Spirit   .   (helmet restricted)
rElec    .         Reflect  .   (no cloak)
rCorr    .         Harm     .   (no gloves)
MR       .....                  (no boots)
Stlth    ..........             (no amulet)
HPRegen  0.18/turn              (no ring)
MPRegen  0.09/turn              (no ring)

@: no status effects
A: retaliatory headbutt, horns 2
a: no special abilities


You were on level 4 of the Dungeon.
You were not hungry.

You visited 1 branch of the dungeon, and saw 4 of its levels.
You also visited: Ossuary.

You collected 146 gold pieces.

Inventory:

Hand Weapons
 a - a +0 war axe (weapon)
Armour
 b - a +0 scale mail (worn)
 c - a +0 shield (worn)
 p - a +0 chain mail
 t - a +0 buckler
Jewellery
 e - an uncursed ring of magical power {unknown}
Wands
 q - a wand of enslavement (11)
 C - a wand of flame (19)
Scrolls
 g - 3 scrolls of fog {unknown}
 k - 6 scrolls of identify {unknown}
 n - 3 scrolls of teleportation {unknown}
 o - a scroll of holy word {unknown}
 r - a scroll of magic mapping
 v - 4 scrolls of remove curse {unknown}
 x - a scroll of enchant armour {unknown}
 y - a scroll of enchant weapon {unknown}
Potions
 d - 2 potions of might
 h - 2 potions of haste {unknown}
 i - 3 potions of agility {unknown}
 j - a potion of invisibility {unknown}
 l - 2 potions of brilliance {unknown}
 m - 3 potions of ambrosia {unknown}
 s - 3 potions of degeneration {unknown}
 u - a potion of flight {unknown}
 w - 2 potions of mutation {unknown}
 z - 2 potions of curing {unknown}
 A - 2 potions of heal wounds {unknown}
Comestibles
 f - 8 rations


   Skills:
 + Level 5.0 Fighting
 + Level 5.8 Axes
 + Level 5.3 Armour
 + Level 1.3 Dodging
 + Level 0.3 Stealth
 + Level 4.7 Shields


You had 5 spell levels left.
You didn't know any spells.

Dungeon Overview and Level Annotations

Branches:
Dungeon (4/15)
 Temple: D:4-7

Altars:
Dithmenos
Makhleb


Innate Abilities, Weirdness & Mutations

You reflexively headbutt those who attack you in melee.
You have a pair of horns on your head.


Message History

You hit the centaur.
The centaur is heavily wounded.
You closely miss the iguana.
Your shield and scale mail prevent you from hitting the giant cockroach.
The centaur barely misses you. You block the iguana's attack.
You block the centaur's attack. You block the giant cockroach's attack.
The centaur wields an uncursed shortbow.
The centaur shoots an arrow.
You block the arrow.
There is an open door here.
Unknown command.
You hit the giant cockroach.
You kill the giant cockroach!
You closely miss the iguana.
The centaur shoots an arrow.
You block the arrow.
The iguana bites you but does no damage.
The centaur shoots an arrow.
The arrow hits you!
* * * LOW HITPOINT WARNING * * *
The iguana closely misses you.
The centaur shoots an arrow.
The arrow hits you but does no damage.
The centaur shoots an arrow.
The arrow hits you!
You die...

.......#**#..###...###.#.# #<.#.#
.###...#*....##.....##.#.###..#.#
.......##....#.......#.#......#.#
.#.#...#....,#.......#.#.######.#
.#<....#...,*#.......#.#.######.#
.###...#,,,,**#..c..##..........#
.......#,,*** *#l(†#*###.########
.####..#,########(#### #.#
.......#,.......@(...# #.#
#####..#,.........(..# #.#
.......#,............# #.#
#####..#*##+########.# #.#
#..#**,,,** ###..# #.#
#..#*,,,,,**#....# #.#
#..#,,,,,,,##....# #.#
#..#,,,,,,,#.....# #.#
#..#,,,,,,,#....## #.#


You could see a centaur.

Vanquished Creatures
  A wraith (Ossuary)
  The ghost of Mgcat the Insei, a weakling GnTm (D:3)
  2 worker ants (D:4)
  A hound skeleton (D:2)
  3 mummies (Ossuary)
  Robin (D:4)
  3 adders (D:3)
  An adder zombie (D:2)
  2 adder skeletons
  3 worms (D:4)
  2 dart slugs (D:3)
  2 leopard geckos
  2 orcs
  5 bats
  3 bat zombies (D:2)
  4 giant cockroaches
  A gnoll zombie (Ossuary)
  12 goblins
  11 hobgoblins
  9 kobolds
  5 quokkas
  2 ball pythons
  5 frilled lizards
  2 giant cockroach zombies (D:2)
  2 goblin zombies (Ossuary)
  6 hobgoblin zombies (Ossuary)
  3 kobold zombies (Ossuary)
  A leopard gecko zombie (D:2)
  A quokka skeleton (D:4)
  2 quokka zombies (D:2)
  6 rats
  3 withered plants (D:2)
107 creatures vanquished.

Notes
Turn   | Place    | Note
-------+----------+-------------------------------------------
     0 | D:1      | Mirai the Minotaur Fighter began the quest for the Orb.
     0 | D:1      | Reached XP level 1. HP: 19/19 MP: 0/0
   202 | D:1      | Reached XP level 2. HP: 27/27 MP: 1/1
   875 | D:2      | Found a burning altar of Makhleb.
  1025 | D:2      | Reached XP level 3. HP: 15/33 MP: 2/2
  1261 | D:2      | Found a faded altar of an unknown god.
  2103 | D:3      | Reached XP level 4. HP: 39/41 MP: 3/3
  2287 | D:3      | Noticed Mgcat's ghost (weakling GnTm)
  2306 | D:3      | Killed Mgcat's ghost
  2306 | D:3      | Reached XP level 5. HP: 4/47 MP: 4/4
  2559 | D:3      | Found a shadowy altar of Dithmenos.
  2967 | D:4      | Found a sand-covered staircase.
  2993 | Ossuary  | Entered an ossuary
  2993 | Ossuary  | Noticed a wraith
  2993 | Ossuary  | Noticed a wraith
  2993 | Ossuary  | Noticed a wraith
  3124 | Ossuary  | Reached skill level 1 in Dodging
  3145 | Ossuary  | Noticed a wraith
  3159 | Ossuary  | Killed a wraith
  3159 | Ossuary  | Reached skill level 5 in Fighting
  3159 | Ossuary  | Reached skill level 5 in Axes
  3159 | Ossuary  | Reached skill level 5 in Armour
  3159 | Ossuary  | Reached XP level 6. HP: 10/56 MP: 5/5
  3768 | D:4      | Noticed Robin
  3778 | D:4      | Killed Robin
  4185 | D:4      | Shot with an arrow by a centaur

Skill      XL: |  1  2  3  4  5 |
---------------+----------------+-----
Fighting       | 4 5 |  5.0
Armour         | 4 5 |  5.3
Axes           | 3 5 |  5.8
Shields        | 4 |  4.7
Dodging        | 1 |  1.3
Stealth        | |  0.3

Action                   |  1- 3 |  4- 6 || total
-------------------------+-------+-------++-------
Melee: War axe           |   154 |   147 ||   301
       Headbutt          |    28 |    24 ||    52
  Use: Potion            |       |     1 ||     1
       Scroll            |       |     1 ||     1
  Eat: Chunk             |     4 |     7 ||    11
Armor: Scale mail        |    74 |    55 ||   129
Dodge: Dodged            |    47 |    48 ||    95
Block: Shield            |    94 |    83 ||   177
